 Dungeon Crawl Stone Soup version 0.19.0-19-g8c6edcc (webtiles) character file.

94 Jannitor the Sneak (level 4, 0/30 HPs)
             Began as a Demonspawn Enchanter on Nov 14, 2016.
             Slain by a worm (10 damage)
             ... on level 2 of the Dungeon.
             The game lasted 00:04:26 (2461 turns).

Jannitor the Sneak (Demonspawn Enchanter)           Turns: 2461, Time: 00:04:27

Health: 0/30       AC:  3    Str:  8    XL:     4   Next: 38%
Magic:  2/7        EV: 15    Int: 17    God:
Gold:   159        SH:  0    Dex: 14    Spells: 2 memorised, 4 levels left

rFire  . . .     SeeInvis .     a - +1 dagger
rCold  . . .     Gourm    .     b - +1 robe
rNeg   . . .     Faith    .     (no shield)
rPois  .         Spirit   .     (helmet restricted)
rElec  .         Reflect  .     (no cloak)
rCorr  .         Harm     .     (no gloves)
MR     .....                    (no boots)
Stlth  ++........               (no amulet)
                                (no ring)
                                (no ring)

@: very slightly contaminated
A: horns 1, repulsion field 1, powered by pain 1
a: no special abilities


You were on level 2 of the Dungeon.
You were hungry.

You visited 1 branch of the dungeon, and saw 3 of its levels.

You collected 159 gold pieces.

Inventory:

Hand Weapons
 a - a +1 dagger (weapon)
Armour
 b - a +1 robe (worn)
 k - a +0 helmet
Scrolls
 f - 2 scrolls of remove curse
 g - 3 scrolls of recharging {unknown}
 h - a scroll of blinking {unknown}
 i - a scroll of teleportation {unknown}
 l - a scroll of enchant weapon {unknown}
 m - a scroll of fear {unknown}
 p - a scroll of identify {unknown}
 r - a scroll of fog {unknown}
 s - a scroll of magic mapping {unknown}
Potions
 e - 2 potions of cure mutation {unknown}
 n - a potion of resistance {unknown}
 o - a potion of lignification {unknown}
 q - a potion of curing {unknown}
 t - a potion of flight {unknown}
Books
 c - a book of Maledictions

   Spells                             Type                      Level
   a - Corona                         Hexes                        1
   b - Ensorcelled Hibernation        Hexes/Ice                    2
   c - Confuse                        Hexes                        3
   d - Tukima's Dance                 Hexes                        3
   e - Dazzling Spray                 Conjuration/Hexes            3
Comestibles
 d - 3 bread rations
 j - a meat ration


   Skills:
 + Level 2.0 Short Blades
 + Level 2.6 Dodging
 + Level 3.5 Stealth
 - Level 2.0 Spellcasting
 + Level 3.5 Hexes


You had 4 spell levels left.
You knew the following spells:

 Your Spells              Type           Power        Failure   Level  Hunger
a - Corona                Hex            ##.....      4%          1    #......
b - Ensorcelled Hibernat  Hex/Ice        #.....       17%         2    ###....


Dungeon Overview and Level Annotations

Branches:
Dungeon (3/15)

Altars:


Innate Abilities, Weirdness & Mutations

You have a pair of small horns on your head.
You are surrounded by a mild repulsion field. (EV +2)
You sometimes gain a little power by taking damage.


Message History

The worm resists with some effort.
The worm bites you.
Casting: Ensorcelled Hibernation
Confirm with . or Enter, or press ? or * to list all spells.
You don't have enough magic to cast that spell.
Unknown command.
You hit the worm.
The worm is lightly wounded.
The worm bites you.
You hit the worm.
You headbutt the worm, but do no damage.
The worm is lightly wounded.
The worm barely misses you.
You hit the worm.
The worm is lightly wounded.
The worm bites you!
You completely miss the worm.
You headbutt the worm, but do no damage.
You feel yourself speed up. The worm bites you!
You die...

##### # #####...########
######..............#
....................######
.####....................#
.####.#####..............#
......#####....).........#
................@w.......#
......##.........).......#
......##+##..)...........#
...............#.(.......#
......#.....##......^....#
............###[...#.....#
.....##.............##.#.#
......+.............##.#.#
.....##...........#.####.#


You could see a worm.

Vanquished Creatures
  Jessica (D:3)
  Terence (D:3)
  A worm (D:3)
  2 dart slugs (D:1)
  A leopard gecko (D:2)
  A ball python (D:2)
  3 giant cockroaches
  2 goblins
  7 hobgoblins
  5 bats
  2 frilled lizards
  7 kobolds
  2 rats
35 creatures vanquished.

Notes
Turn   | Place    | Note
-------+----------+-------------------------------------------
     0 | D:1      | Jannitor the Demonspawn Enchanter began the quest for the Orb.
     0 | D:1      | Reached XP level 1. HP: 13/13 MP: 3/3
   376 | D:1      | Reached skill level 1 in Short Blades
   741 | D:1      | Gained mutation: You sometimes gain a little power by taking damage. [demonic ancestry]
   741 | D:1      | Reached XP level 2. HP: 16/19 MP: 5/5
   850 | D:1      | Learned a level 2 spell: Ensorcelled Hibernation
  1483 | D:2      | Gained mutation: You are surrounded by a mild repulsion field. (EV +2) [demonic ancestry]
  1483 | D:2      | Reached XP level 3. HP: 17/24 MP: 6/6
  1996 | D:3      | Noticed Terence
  2027 | D:3      | Killed Terence
  2265 | D:3      | Noticed Jessica
  2273 | D:3      | Killed Jessica
  2273 | D:3      | Gained mutation: You have a pair of small horns on your head. [demonic ancestry]
  2273 | D:3      | Reached XP level 4. HP: 30/30 MP: 4/7
  2461 | D:2      | Slain by a worm

Skill      XL: |  1  2  3 |
---------------+----------+-----
Dodging        | 2 |  2.6
Short Blades   | 1 2 |  2.0
Stealth        | 3 |  3.5
Spellcasting   | |  2.0
Hexes          | |  3.5

Action                   |  1- 3 |  4- 6 || total
-------------------------+-------+-------++-------
Melee: Dagger            |   166 |    34 ||   200
       Headbutt          |       |     9 ||     9
 Cast: Ensorcelled Hiber |     4 |     8 ||    12
  Use: Scroll            |       |     1 ||     1
 Stab: Sleeping          |     7 |     1 ||     8
  Eat: Chunk             |     3 |     2 ||     5
Armor: Robe              |    38 |     7 ||    45
Dodge: Dodged            |   111 |    21 ||   132
